 Dungeon Crawl Stone Soup version 0.31-a0-263-ge8cad7f256 (webtiles) character file.

Game seed: 4072422255614223074

176 dolemite99 the Changeling (level 5, -2/42 HPs)
             Began as a Minotaur Shapeshifter on July 14, 2023.
             Was a Plaything of Xom.
             Slain by a cerulean imp
             ... wielding a +2 spear
             ... summoned by Natasha
              (5 damage)
             ... on level 3 of the Dungeon.
             The game lasted 00:02:13 (1901 turns).

dolemite99 the Changeling (Minotaur Shapeshifter)   Turns: 1901, Time: 00:02:14

Health: -2/42      AC: 10    Str: 21    XL:     5   Next: 30%
Magic:  0/4        EV:  6    Int:  5    God:    Xom [..*...]
Gold:   82         SH:  0    Dex: 11    Spells: 4/4 levels left

rFire   . .          .
                       - Unarmed
rCold   . . .        (no shield)
rNeg    . . .        v - +0 plate armour
rPois   .            (helmet currently unavailable)
rElec   .            (cloak currently unavailable)
rCorr   .            (gloves currently unavailable)
SInv    .            (boots currently unavailable)
Will    .....        i - amulet of guardian spirit Stlth
                     (no ring)
HPRegen 0.27/turn    (no ring)
MPRegen 0.09/turn

%: guardian spirit
@: beast-form
A: beast (slay +2), horns 2, retaliatory headbutt
a: Begin Untransformation, Renounce Religion


You were on level 3 of the Dungeon.
You worshipped Xom.
You were a toy of Xom.
You were a hulking beast.
You visited 1 branch of the dungeon, and saw 3 of its levels.

You collected 82 gold pieces.

Inventory:

Missiles
 n - 6 poisoned darts
Armour
 a - a +0 animal skin
 u - a +0 ring mail
 v - a +0 plate armour (worn)
Jewellery
 i - an amulet of guardian spirit (around neck)
 r - a +6 ring of intelligence
Talismans
 c - a beast talisman
Scrolls
 e - a scroll of fear {unknown}
 g - 4 scrolls of identify {unknown}
 h - 2 scrolls of enchant armour {unknown}
 j - 3 scrolls of teleportation {unknown}
 l - a scroll of summoning {unknown}
 m - 3 scrolls of vulnerability {unknown}
 o - a scroll of brand weapon {unknown}
 p - a scroll of noise {unknown}
 s - a scroll of amnesia {unknown}
 w - a scroll of silence {unknown}
Potions
 b - a potion of lignification
 d - a potion of heal wounds {unknown}
 f - a potion of magic {unknown}
 k - a potion of curing {unknown}
 q - a potion of degeneration {unknown}
 t - a potion of resistance {unknown}


   Skills:
 - Level 2.4 Fighting
 - Level 2.1 Dodging
 + Level 3.5 Unarmed Combat
 - Level 4.0 Shapeshifting


You had 4 spell levels left.
You didn't know any spells.
Your spell library contained the following spells:

 Spells                   Type           Power      Damage    Failure   Level
 Lesser Beckoning         Tloc           0%         N/A       100%        2
 Dazzling Flash           Conj/Hex       0%         N/A       100%        3
 Gell's Gravitas          Tloc           0%         N/A       100%        3
 Teleport Other           Tloc           0%         N/A       100%        3
 Agony                    Necr           0%         N/A       100%        5
 Silence                  Hex/Air        0%         N/A       100%        5


Dungeon Overview and Level Annotations

Branches:
Dungeon (3/15)

Altars:
Xom

Shops:
D:1 [

Annotations:
D:3 Natasha


Innate Abilities, Weirdness & Mutations

You are a hulking beast.
Your limbs bulge with bestial killing power. (Slay +2)
You have a pair of horns on your head.
You reflexively headbutt those who attack you in melee.


Message History

Natasha claws you but does no damage.
The cerulean imp hits you but does no damage.
You barely miss Natasha. You headbutt Natasha.
Natasha is heavily wounded.
Natasha zaps a wand.
The puff of flame hits you but does no damage.
You hit Natasha. Your headbutt misses Natasha.
Natasha is severely wounded.
Xom makes a sudden noise!
You hear a knock.
The cerulean imp hits you from afar with a +1 spear.
* * * LOW HITPOINT WARNING * * *
Natasha barely misses you.
You closely miss Natasha.
Natasha is severely wounded.
The cerulean imp hits you from afar with a +1 spear.
* * * LOW HITPOINT WARNING * * *
You hit Natasha. You headbutt Natasha, but do no damage.
Natasha is severely wounded.
Natasha claws you but does no damage.
The cerulean imp hits you from afar with a +1 spear.
You barely miss Natasha.
Natasha is severely wounded.
Natasha howls an incantation.
Natasha's front paws start to glow.
Natasha mumbles some strange words.
The cerulean imp hits you but does no damage.
You hit Natasha.
Natasha is almost dead.
Natasha claws you.
* * * LOW HITPOINT WARNING * * *
The cerulean imp hits you from afar with a +1 spear.
* * * LOW HITPOINT WARNING * * *
You hit Natasha but do no damage. Your headbutt misses Natasha.
Natasha is almost dead.
Natasha claws you.
* * * LOW HITPOINT WARNING * * *
The cerulean imp hits you but does no damage.
The cerulean imp hits you from afar with a +2 spear.
You die...
Xom guffaws!

# #........ ##...#
########.........# ##...#
##.....'.........# ##...#
##.##.##.........# #...# #
...##.##.........# ##...#
# ...#<..+.........#
#...## #
......##......5.5# #.g.# #
......##.......h.# #.gg# #
#...####........h####
##.## #...# #............#
#.####### ######
##########...#####......#.
.......
.....'...')...........
########
######...######.###.#.
.......### #...# #####
#### ######...##
#...####...##### ###
###..## #...##.........##
..#######..####
#...##.##........


You could see Natasha and 2 cerulean imps.

Vanquished Creatures
  Natasha (D:3)
  A sleepcap (D:3)
  An orc wizard (D:3)
  3 gnolls (D:3)
  An adder (D:2)
  2 orcs (D:3)
  3 endoplasms
  2 giant cockroaches (D:1)
  12 goblins
  8 hobgoblins
  2 quokkas (D:1)
  3 ball pythons (D:2)
  6 bats
  4 frilled lizards (D:1)
  7 kobolds
  3 rats
59 creatures vanquished.

Notes
Turn   | Place    | Note
-------+----------+-------------------------------------------
     0 | D:1      | dolemite99 the Minotaur Shapeshifter began the quest for
                  | the Orb.
     0 | D:1      | Reached XP level 1. HP: 18/18 MP: 0/0
   160 | D:1      | Found a faded altar of an unknown god.
   194 | D:1      | Prayed at the altar of an unknown god.
   194 | D:1      | Became a worshipper of Xom of Chaos
   204 | D:1      | Reached XP level 2. HP: 25/25 MP: 1/1
   277 | D:1      | Reached skill level 3 in Shapeshifting
   292 | D:1      | XOM: silly message
   435 | D:1      | Found Joinnet's Armour Boutique.
   474 | D:1      | XOM: divination: detect creatures
   670 | D:1      | XOM: divination: detect items
   740 | D:2      | Reached XP level 3. HP: 27/30 MP: 2/2
   838 | D:2      | XOM: silly message
   868 | D:2      | XOM: silly message
  1269 | D:3      | XOM: silly message
  1271 | D:3      | XOM: butterfly on damage
  1275 | D:3      | Reached XP level 4. HP: 11/37 MP: 0/3
  1314 | D:3      | XOM: divination: detect creatures
  1409 | D:3      | Noticed Natasha
  1421 | D:3      | Killed Natasha
  1422 | D:3      | Reached skill level 4 in Shapeshifting
  1604 | D:3      | Reached XP level 5. HP: 36/42 MP: 4/4
  1667 | D:3      | XOM: silly message
  1844 | D:3      | XOM: enchant monster (good)
  1886 | D:3      | Noticed Natasha
  1894 | D:3      | XOM: confuse monster(s)
  1896 | D:3      | XOM: noise
  1901 | D:3      | Slain by a cerulean imp

Illustrated notes

Levels and vault maps discovered:
D:1:      grunt_arrival_crossed_arrows, layout_loops_ring,
          hellmonk_ecumenical_altar_pennies_from_heaven, serial_shops, shop,
          st_stairs_10
D:2:      layout_basic
D:3:      layout_basic, serial_curves, eino_curves_02, eino_curves_04,
          eino_curves_02, eino_curves_01, uniq_natasha

Skill      XL: |  1  2  3  4  5 |
---------------+----------------+-----
Shapeshifting  | 3 4 |  4.0
Unarmed Combat | 3 |  3.5
Fighting       | |  2.4
Dodging        | |  2.1

Action                     |  1- 3 |  4- 6 || total
---------------------------+-------+-------++-------
  Melee: Unarmed           |   102 |    47 ||   149
         Headbutt          |    15 |    10 ||    25
         Punch             |     1 |       ||     1
 Armour: Animal skin       |    24 |     1 ||    25
         Plate armour      |       |    16 ||    16
  Dodge: Dodged            |    79 |    21 ||   100

Table legend: (Time is in decaauts)
 A = Elapsed time spent in this place.
 B = Non-inter-level travel time spent in this place.
 C = Inter-level travel time spent in this place.
 D = Time resting spent in this place.
 E = Time spent auto-exploring this place.
 F = Levels seen in this place.
 G = Mean time per level.
                   A        B        C        D        E       F      G
               +--------+--------+--------+--------+--------+-----+--------+
         Total |   1896 |   1857 |     39 |    169 |   1179 |   3 |  632.0 |
       Dungeon |   1896 |   1857 |     39 |    169 |   1179 |   3 |  632.0 |
               +--------+--------+--------+--------+--------+-----+--------+

Top non-repeatable levels by time:
     D:1: 732 daAuts
     D:3: 639 daAuts
     D:2: 524 daAuts
